 Dungeon Crawl Stone Soup version 0.19-a0-1225-gf887c1c (webtiles) character file.

127 Promi the Shooter (level 4, -3/29 HPs)
             Began as a High Elf Arcane Marksman on Aug 25, 2016.
             Slain by a gnoll
             ... wielding a +1 flail of holy wrath
              (12 damage)
             ... on level 2 of the Dungeon.
             The game lasted 00:15:31 (3426 turns).

Promi the Shooter (High Elf Arcane Marksman)        Turns: 3426, Time: 00:15:31

Health: -3/29      AC:  3    Str:  9 (10) XL:     4   Next: 85%
Magic:  8/8        EV: 13    Int: 13 (16) God:
Gold:   159        SH:  0    Dex: 13 (16) Spells: 3 memorised, 1 level left

rFire  . . .     SeeInvis .     i - +0 dagger
rCold  . . .     Gourm    .     e - +0 robe
rNeg   . . .     Faith    .     (no shield)
rPois  .         Spirit   .     (no helmet)
rElec  .         Dismiss  .     (no cloak)
rCorr  .         Reflect  .     o - +0 pair of gloves
MR     +....     Harm     .     (no boots)
Stlth  +.........               (no amulet)
                                (no ring)
                                b - ring of protection from magic

@: no status effects
A: no striking features
a: no special abilities


You were on level 2 of the Dungeon.
You were not hungry.

You visited 1 branch of the dungeon, and saw 3 of its levels.

You collected 159 gold pieces.

Inventory:

Hand Weapons
 a - a +0 shortbow
 i - a +0 dagger (weapon)
 n - a +1 hand axe of flaming
Missiles
 d - 4 arrows
Armour
 e - a +0 robe (worn)
 o - a +0 pair of gloves (worn)
Jewellery
 b - a ring of protection from magic (left hand)
Scrolls
 k - a scroll of fog
 p - 2 scrolls of enchant weapon
 s - a scroll of identify
Potions
 l - a potion of cure mutation
Books
 c - a book of Debilitation

   Spells                             Type                      Level
   a - Corona                         Hexes                        1
   b - Slow                           Hexes                        2
   c - Gell's Gravitas                Hexes/Translocation          3
   d - Inner Flame                    Hexes/Fire                   3
   e - Cause Fear                     Hexes                        4
   f - Leda's Liquefaction            Hexes/Earth                  4
Comestibles
 f - 2 chunks of flesh
 h - 4 fruits
 t - a royal jelly


   Skills:
 + Level 2.2 Fighting
 + Level 1.3 Short Blades
 + Level 3.7 Bows
 + Level 3.2 Dodging
 + Level 2.3 Spellcasting
 + Level 3.4 Hexes


You had one spell level left.
You knew the following spells:

 Your Spells              Type           Power        Failure   Level  Hunger
a - Corona                Hex            ##.....      10%         1    #......
b - Slow                  Hex            ##......     12%         2    ###....
c - Gell's Gravitas       Hex/Tloc       #.........   38%         3    ###....


Dungeon Overview and Level Annotations

Branches:
Dungeon (3/15)

Altars:


Message History

You barely miss the gnoll.
The gnoll hits you with a flail of holy wrath.
You hit the gnoll.
The gnoll is lightly wounded.
You closely miss the gnoll.
The gnoll is lightly wounded.
The gnoll hits you with a flail of holy wrath.
You hit the gnoll.
The gnoll is moderately wounded.
The gnoll hits you with a flail of holy wrath.
You hit the gnoll but do no damage.
The gnoll is moderately wounded.
The gnoll hits you with a flail of holy wrath!
* * * LOW HITPOINT WARNING * * *
Things that are here:
a spear x2
There is a stone staircase leading up here.
You see here a short sword.
The gnoll hits you with a flail of holy wrath!
You die...

#..####......######.####........
##..#####...#...........>.....#..
........)..##.#####..####รท.##.##.
##..######.##)# #..# #..##.##.
#..# ##...#.## #..####..##.##.
#..# ##.......# #............#.
#..# #.>(..>..####..##....##..#.
##..###..>.....g..<..##.#.##.....
................@....##.#.##...##
##.###..####...##.#.###.#.##...#
##.# #..## ######.#.###.#.##...##
...###...## #.....)..........
#####.###.# ###.....)......## #.#
#.# #####.##.#.#.# #.###.#
#......#.#.# ######...##
#####.###......#
........#########.......#....###


You could see a gnoll.

Vanquished Creatures
  3 gnolls (D:2)
  3 adders
  2 worms (D:2)
  A giant gecko (D:2)
  An orc (D:3)
  7 bats
  6 goblins
  6 hobgoblins
  6 jackals (D:2)
  13 kobolds
  4 quokkas
  5 giant newts
  4 rats
61 creatures vanquished.

Notes
Turn   | Place    | Note
-------+----------+-------------------------------------------
     0 | D:1      | Promi the High Elf Arcane Marksman began the quest for the Orb.
     0 | D:1      | Reached XP level 1. HP: 13/13 MP: 3/3
   412 | D:1      | Reached XP level 2. HP: 18/18 MP: 4/4
  1324 | D:2      | Reached XP level 3. HP: 18/23 MP: 6/6
  1421 | D:2      | Learned a level 2 spell: Slow
  1635 | D:2      | Reached XP level 4. HP: 17/29 MP: 5/7
  2056 | D:2      | Reached skill level 1 in Short Blades
  2356 | D:2      | HP: 1/29 [poisoned by an adder]
  2863 | D:3      | Noticed a gnoll sergeant
  2933 | D:3      | Learned a level 3 spell: Gell's Gravitas
  3426 | D:2      | Slain by a gnoll

Vault maps used:
D:1:      minmay_arrival_semitransparent, serial_park_tiny_2
D:2:      minmay_kobold_bridge, hangedman_decor_growths
D:3:      grunt_ministairs_2

Skill      XL: |  1  2  3  4 |
---------------+-------------+-----
Bows           | 3 |  3.7
Dodging        | 3 |  3.2
Spellcasting   | 2 |  2.3
Short Blades   | 1 |  1.3
Fighting       | 2 |  2.2
Hexes          | |  3.4

Action                   |  1- 3 |  4- 6 || total
-------------------------+-------+-------++-------
Melee: Dagger            |    76 |   115 ||   191
 Fire: Shortbow          |    73 |    26 ||    99
 Cast: Corona            |    11 |     3 ||    14
  Use: Potion            |       |     5 ||     5
       Scroll            |       |     4 ||     4
  Eat: Chunk             |     3 |       ||     3
       Bread ration      |       |     2 ||     2
       Fruit             |       |     1 ||     1
Armor: Robe              |    20 |    26 ||    46
Dodge: Dodged            |    69 |   105 ||   174
